 Dungeon Crawl Stone Soup version 0.29.1-1-gd02db6906a (webtiles) character file.

Game seed: 12980726814599981396

133 GeoRichter the Slasher (level 5, -2/38 HPs)
             Began as a Merfolk Gladiator on Oct 18, 2022.
             Slain by an orc priest
             ... wielding a +0 quarterstaff
              (3 damage)
             ... on level 3 of the Dungeon.
             The game lasted 00:02:31 (2207 turns).

GeoRichter the Slasher (Merfolk Gladiator)          Turns: 2207, Time: 00:02:31

Health: -2/38      AC:  6    Str: 14    XL:     5   Next: 16%
Magic:  5/5        EV: 12    Int:  8    God:
Gold:   47         SH:  0    Dex: 17    Spells: 4/4 levels left

rFire   . . .      SeeInvis .   a - +0 long sword
rCold   . . .      Faith    .   (no shield)
rNeg    . . .      Spirit   .   k - +0 ring mail
rPois   .          Reflect  .   c - +0 helmet
rElec   .          Harm     .   (no cloak)
rCorr   .          Rampage  .   (no gloves)
Will    .....                   (no boots)
Stlth   +.........              (no amulet)
HPRegen 0.12/turn               (no ring)
MPRegen 0.09/turn               (no ring)

@: no status effects
A: (nimble swimmer 2), mertail
a: no special abilities


You were on level 3 of the Dungeon.
You visited 1 branch of the dungeon, and saw 3 of its levels.

You collected 47 gold pieces.

Inventory:

Hand Weapons
 a - a +0 long sword (weapon)
Missiles
 b - 2 poisoned darts (quivered)
 d - 3 throwing nets {!f}
 e - a javelin
Armour
 c - a +0 helmet (worn)
 k - a +0 ring mail (worn)
   (You found it on level 1 of the Dungeon)
Scrolls
 i - 4 scrolls of identify {unknown}
 l - a scroll of magic mapping {unknown}
 m - 2 scrolls of noise {unknown}
 o - a scroll of butterflies {unknown}
 p - a scroll of amnesia {unknown}
Potions
 f - 2 potions of attraction {unknown}
 g - a potion of flight {unknown}
 h - 2 potions of haste {unknown}
 j - 2 potions of curing {unknown}
 n - a potion of invisibility {unknown}
 q - a potion of ambrosia {unknown}


   Skills:
 - Level 2.1 Fighting
 * Level 6.9 Long Blades
 - Level 2.0 Throwing
 - Level 4.0 Dodging


You had 4 spell levels left.
You didn't know any spells.
Your spell library contained the following spells:

 Spells                   Type           Power      Damage    Failure   Level
 Sandblast                Erth           0%         2d4       65%         1
 Shock                    Conj/Air       0%         1d3       65%         1
 Passwall                 Tmut/Erth      0%         N/A       80%         2
 Call Canine Familiar     Summ           0%         N/A       95%         3
 Portal Projectile        Hex/Tloc       0%         N/A       95%         3
 Stone Arrow              Conj/Erth      0%         3d7       95%         3
 Swiftness                Air            0%         N/A       95%         3
 Airstrike                Air            0%         2d(0-16)  100%        4
 Leda's Liquefaction      Hex/Erth       0%         N/A       100%        4


Dungeon Overview and Level Annotations

Branches:
Dungeon (3/15) Zot: 15774

Altars:
Kikubaaqudgha
Makhleb

Annotations:
D:3 3 runed translucent doors, caveywoolpert's ghost, amateur HOFi


Innate Abilities, Weirdness & Mutations

((You are very nimble when in or above water. (Stealth+, EV+, Speed+++)))
Your lower body shifts to a powerful aquatic tail in water.


Message History

You hit the orc wizard.
The orc wizard hits you with a +0 dagger.
* * * LOW HITPOINT WARNING * * *
You closely miss the orc wizard.
Unknown command.
You barely miss the orc wizard. The orc wizard barely misses you.
An orc priest comes into view. It is wielding a +0 quarterstaff.
The orc priest shouts!
You slash the orc wizard!
The orc wizard hits you but does no damage.
An orc comes into view. It is wielding a +0 club.
The orc shouts!
You hit the orc wizard.
The orc wizard hits you but does no damage.
You hit the orc wizard.
You kill the orc wizard!
You have reached level 5!
You feel clever.
The orc priest invokes the aid of Beogh against you.
Pain shoots through your body!
* * * LOW HITPOINT WARNING * * *
Caveywoolpert's ghost turns its malevolent gaze towards you.
The orc priest invokes the aid of Beogh against you.
Beogh smites you!
* * * LOW HITPOINT WARNING * * *
The orc hits you but does no damage.
You hit the orc but do no damage.
The orc priest miscasts a cantrip.
The orc hits you but does no damage.
You closely miss the orc. The orc barely misses you.
You hit the orc. The orc hits you but does no damage.
You barely miss the orc.
The orc priest calls upon Beogh to heal the orc.
The orc's wounds heal themselves!
The orc closely misses you.
You closely miss the orc. Your punch misses the orc. The orc misses you.
The orc priest miscasts a cantrip.
The orc misses you.
You hit the orc but do no damage. The orc misses you.
You barely miss the orc. The orc misses you.
You slash the orc!
You kill the orc!
You slash the orc priest!
The orc priest mumbles some strange prayers to Beogh against you.
Beogh smites you!
* * * LOW HITPOINT WARNING * * *
You hit the orc priest but do no damage.
The orc priest hits you but does no damage.
You hit the orc priest but do no damage.
The orc priest hits you with a +0 quarterstaff.
You die...

..##.#...$#...+.†...........#####
..# .# ..##..Z#..........###.##..
..# # #...W#..###.#######.##..
..# #....##..# #.# #....... ..##
...###...# #.# #...)... ...###
.###...#.# #.# #......o. .....#
#...###.# #.# ##....... ####...
..## #o# #.# ##...##) # #.. # #@#
#.. #..#### # #. #.# ### #..# . #
#..# #.. o .# ##.# ## #o .# .# #.
.# .# .. .# .# .# .# .# .#


You could see an orc priest.

Vanquished Creatures
  An orc wizard (D:3)
  Terence (D:2)
  A gnoll (D:1)
  2 adders (D:2)
  A worm (D:2)
  A dart slug (D:2)
  2 orcs (D:3)
  3 bats
  4 endoplasms (D:1)
  2 giant cockroaches (D:2)
  8 goblins
  3 hobgoblins
  2 kobolds
  3 quokkas
  3 frilled lizards
  10 rats
47 creatures vanquished.

Notes
Turn   | Place    | Note
-------+----------+-------------------------------------------
     0 | D:1      | GeoRichter the Merfolk Gladiator began the quest for the
                  | Orb.
     0 | D:1      | Reached XP level 1. HP: 16/16 MP: 1/1
    88 | D:1      | Reached skill level 4 in Long Blades
   129 | D:1      | Reached XP level 2. HP: 22/22 MP: 2/2
   656 | D:1      | Reached skill level 5 in Long Blades
   656 | D:1      | Reached XP level 3. HP: 13/27 MP: 3/3
  1149 | D:2      | Noticed Terence
  1156 | D:2      | Killed Terence
  1157 | D:2      | Reached XP level 4. HP: 19/33 MP: 4/4
  1330 | D:2      | Found an ancient bone altar of Kikubaaqudgha.
  1349 | D:2      | Reached skill level 6 in Long Blades
  1945 | D:2      | Found a faded altar of an unknown god.
  2015 | D:3      | Noticed caveywoolpert's ghost (amateur HOFi)
  2047 | D:3      | Found a runed translucent gate.
  2047 | D:3      | Found a runed translucent gate.
  2047 | D:3      | Found a runed translucent gate.
  2129 | D:3      | Found a burning altar of Makhleb.
  2153 | D:3      | Reached XP level 5. HP: 17/38 MP: 5/5
  2205 | D:3      | HP: 1/38 [orc priest/divine providence (12)]
  2207 | D:3      | Slain by an orc priest

Illustrated notes

Levels and vault maps discovered:
D:1:      dpeg_arrival_short_road, layout_loops_ring
D:2:      layout_rooms, shapermc_ecumenical_altar_mp_vishouse, basic_altar,
          uniq_terence
D:3:      layout_loops_ring, mainiacjoe_overflow_six_doors_small,
          nicolae_overflow_hidden_temple, gammafunk_ghost_icy,
          grunt_ministairs_2, uniq_ijyb

Skill      XL: |  1  2  3  4 |
---------------+-------------+-----
Long Blades    | 4 5 6 |  6.9
Fighting       | |  2.1
Throwing       | |  2.0
Dodging        | |  4.0

Action                   |  1- 3 |  4- 6 || total
-------------------------+-------+-------++-------
Melee: Long sword        |    76 |    79 ||   155
 Stab: Sleeping          |     1 |       ||     1
Armor: Leather armour    |     3 |       ||     3
       Ring mail         |    19 |    28 ||    47
Dodge: Dodged            |    63 |    47 ||   110
